[Event "Titled Tuesday Blitz May 24 Late 2022"]
[White "Turutin, Alexander"]
[Black "Skliarov, Viktor"]
[WhiteFideId "4180623"]
[BlackFideId "14106736"]
[WhiteElo "2402"]
[BlackElo "2229"]
[Result "0-1"]
[Round "09"]
[TimeControl "180+1"]
[Date "2022.05.25"]
[WhiteClock "0:00:03"]
[BlackClock "0:00:08"]

1. e4 c5 2. Nf3 Nc6 3. Bb5 e6 4. Bxc6 bxc6 5. d3 Ne7 6. h4 h5 7. e5 f6 8. Qe2 fxe5 9. Nxe5 d6 10. Nc4 Nf5 11. Bg5 Be7 12. Bxe7 Qxe7 13. c3 e5 14. Nbd2 Be6 15. O-O-O O-O-O 16. Nf3 Bd5 17. Kb1 e4 18. Ng5 Bxc4 19. dxc4 Rhe8 20. g3 g6 21. Rhe1 d5 22. cxd5 cxd5 23. Qa6+ Qb7 24. Qxg6 Nd6 25. Qxh5 Nc4 26. Qe2 Kb8 27. Ka1 Na5 28. h5 Rd6 29. Nxe4 Rxe4 30. Qf3 Rxe1 31. Rxe1 Rd8 32. Qf4+ Qc7 33. Qg5 d4 34. cxd4 Rxd4 35. h6 Nb3+ 36. Kb1 Nd2+ 37. Kc2 Qh7+ 38. Kd1 Nf3+ 39. Ke2 Qd3# 0-1


[Site "https://www.chess.com"]

[Event "Titled Tuesday Blitz May 24 Late 2022"]
[White "Vasquez Schroeder, Rodrigo"]
[Black "Terry, Renato"]
[WhiteFideId "3400042"]
[BlackFideId "3803457"]
[WhiteElo "2567"]
[BlackElo "2577"]
[Result "0-1"]
[Round "09"]
[TimeControl "180+1"]
[Date "2022.05.24"]
[WhiteClock "0:00:10"]
[BlackClock "0:00:34"]

1. e4 g6 2. d4 Bg7 3. Nf3 d6 4. Bc4 Nf6 5. Qe2 O-O 6. e5 dxe5 7. dxe5 Nd5 8. h3 c6 9. O-O b5 10. Bb3 a5 11. Rd1 e6 12. a4 b4 13. c4 bxc3 14. bxc3 Qc7 15. Ba3 Rd8 16. Bd6 Qa7 17. c4 Ne7 18. Nc3 Na6 19. Ne4 Nf5 20. Ba3 Bb7 21. Nd6 c5 22. Nb5 Qb6 23. Bb2 Nb4 24. Rxd8+ Rxd8 25. Rd1 h5 26. Bc3 Bf8 27. Ng5 Nd4 28. Bxd4 cxd4 29. Bc2 Qc5 30. Bxg6 fxg6 31. Nxe6 d3 32. Qf1 Qe7 33. Nxd8 Qxd8 34. Qe1 Qg5 35. g3 Qf5 36. Kh2 Qf3 37. Qf1 Bc5 38. Rd2 h4 39. Qg1 hxg3+ 40. Qxg3 Qh1# 0-1


[Site "https://www.chess.com"]

[Event "Titled Tuesday Blitz May 24 Late 2022"]
[White "Vega Gutierrez, Sabrina"]
[Black "Yurovskykh, Oleksandr"]
[WhiteFideId "2219026"]
[BlackFideId "14134020"]
[WhiteElo "2286"]
[BlackElo "2292"]
[Result "0-1"]
[Round "09"]
[TimeControl "180+1"]
[Date "2022.05.25"]
[WhiteClock "0:00:01"]
[BlackClock "0:01:13"]

1. e4 e6 2. Qe2 c5 3. Nf3 Nc6 4. c3 Nf6 5. g3 d6 6. Bg2 Be7 7. O-O O-O 8. d4 cxd4 9. cxd4 d5 10. e5 Ne4 11. Nbd2 Nxd2 12. Bxd2 Bd7 13. h4 Rc8 14. Rfd1 Qb6 15. Bc3 h6 16. Bf1 Bb4 17. Qe3 Bxc3 18. bxc3 Na5 19. g4 Nc4 20. Qf4 Ba4 21. Rdb1 Qc7 22. Bxc4 dxc4 23. Nd2 Bc2 24. Rb2 Bd3 25. g5 h5 26. a4 b6 27. f3 f5 28. gxf6 Rxf6 29. Qe3 Rf5 30. Kf2 Rcf8 31. Rg1 Qe7 32. Rh1 Rf4 33. Rh3 Rxh4 0-1


[Site "https://www.chess.com"]

[Event "Titled Tuesday Blitz May 24 Late 2022"]
[White "Wachinger, Nikolas"]
[Black "Keymer, Vincent"]
[WhiteFideId "12962791"]
[BlackFideId "12940690"]
[WhiteElo "2227"]
[BlackElo "2548"]
[Result "0-1"]
[Round "09"]
[TimeControl "180+1"]
[Date "2022.05.24"]
[WhiteClock "0:00:02"]
[BlackClock "0:00:09"]

1. d4 Nf6 2. Nf3 e6 3. Bf4 d5 4. e3 Bd6 5. Bg3 O-O 6. c4 c5 7. Nc3 b6 8. Bh4 Be7 9. cxd5 exd5 10. dxc5 bxc5 11. Be2 Bb7 12. O-O Nbd7 13. Rc1 Rc8 14. Qb3 Qb6 15. Rfd1 h6 16. Qxb6 axb6 17. Bb5 Rfd8 18. Rd2 g5 19. Bg3 Nf8 20. Rcd1 Ne6 21. Be5 g4 22. Nh4 Ng7 23. g3 Kf8 24. Ng2 Ne6 25. Nf4 Ng5 26. Be2 Nfe4 27. Nxe4 Nxe4 28. Rc2 Bf6 29. Nd3 h5 30. Bxf6 Nxf6 31. Bf1 d4 32. exd4 Rxd4 33. Rcd2 Rcd8 34. b3 Ne4 35. Rc2 Ng5 36. Be2 Bf3 37. Kf1 Be4 38. Rcd2 Nf3 39. Bxf3 Bxf3 40. Ke1 Bxd1 0-1


[Site "https://www.chess.com"]

[Event "Titled Tuesday Blitz May 24 Late 2022"]
[White "Wieczorek, Oskar"]
[Black "Maltsevskaya, Aleksandra"]
[WhiteFideId "1133950"]
[BlackFideId "24174041"]
[WhiteElo "2330"]
[BlackElo "2235"]
[Result "1-0"]
[Round "09"]
[TimeControl "180+1"]
[Date "2022.05.24"]
[WhiteClock "0:00:30"]
[BlackClock "0:00:02"]

1. e4 c5 2. Nf3 e6 3. d4 cxd4 4. Nxd4 Nc6 5. Nc3 Nf6 6. Nxc6 bxc6 7. Bd3 d5 8. exd5 exd5 9. O-O Be7 10. Bf4 O-O 11. h3 Bd6 12. Qf3 Rb8 13. b3 h6 14. Na4 Rb4 15. Bxd6 Qxd6 16. Rad1 Bd7 17. c4 Rbb8 18. Rfe1 Rfe8 19. Rxe8+ Rxe8 20. Bf1 Qa3 21. Qc3 Ne4 22. Qc2 Be6 23. Bd3 dxc4 24. Bxe4 cxb3 25. Qxc6 Rb8 26. axb3 Bxb3 27. Rb1 Rf8 28. Nc5 Ba2 29. Rf1 Qb4 30. Nd3 Qd2 31. Qc1 Qa5 32. Qa1 Rb8 33. Nc1 1-0


[Site "https://www.chess.com"]

[Event "Titled Tuesday Blitz May 24 Late 2022"]
[White "Yaksin, Oleg"]
[Black "Keller, Peter"]
[WhiteFideId "24105880"]
[BlackFideId "1272105"]
[WhiteElo "2256"]
[BlackElo "2275"]
[Result "0-1"]
[Round "09"]
[TimeControl "180+1"]
[Date "2022.05.25"]
[WhiteClock "0:00:01"]
[BlackClock "0:00:10"]

1. d4 Nf6 2. c4 e6 3. g3 d5 4. Nf3 Be7 5. Bg2 O-O 6. O-O dxc4 7. Qc2 a6 8. a4 Bd7 9. Rd1 Bc6 10. Nc3 Bxf3 11. Bxf3 Nc6 12. Bxc6 bxc6 13. Bg5 a5 14. Bxf6 Bxf6 15. Ne4 Qd5 16. Rac1 Rab8 17. Nxf6+ gxf6 18. e4 Qh5 19. Qxc4 Rxb2 20. Qxc6 Qf3 21. Rf1 f5 22. exf5 Qxf5 23. Qxc7 Rfb8 24. Rc5 Qf3 25. Rc3 Qd5 26. Rc5 Qf3 27. Rg5+ Kh8 28. Qc1 R2b4 29. Rxa5 Rxd4 30. Qc7 Rbd8 31. Qe5+ f6 32. Qe3 Qg4 33. Ra7 Rd1 0-1


[Site "https://www.chess.com"]

[Event "Titled Tuesday Blitz May 24 Late 2022"]
[White "Zherebtsova, Alexandra"]
[Black "Petrovic, Aleksa"]
[WhiteFideId "24129518"]
[BlackFideId "967629"]
[WhiteElo "2025"]
[BlackElo "2144"]
[Result "0-1"]
[Round "09"]
[TimeControl "180+1"]
[Date "2022.05.25"]
[WhiteClock "0:00:02"]
[BlackClock "0:00:14"]

1. d4 Nf6 2. c4 e6 3. g3 d5 4. Bg2 Bb4+ 5. Nd2 O-O 6. Nf3 c6 7. O-O Nbd7 8. a3 Ba5 9. b4 Bc7 10. Bb2 a5 11. Qc2 Qe7 12. b5 cxb5 13. cxd5 Bd6 14. dxe6 Qxe6 15. e4 Bb8 16. d5 Qe7 17. Ng5 h6 18. Ngf3 Ne5 19. Nd4 Bd7 20. f4 Rc8 21. Qb1 Neg4 22. Qd3 h5 23. e5 Ne8 24. Rae1 Ba7 25. d6 Qd8 26. f5 Nxe5 27. Rxe5 Nxd6 28. Ree1 Nc4 29. Ba1 Bc6 30. Bxc6 Rxc6 31. Kh1 Rd6 32. N2f3 Qd7 33. Rd1 Rd8 34. Qe4 Nxa3 0-1


[Site "https://www.chess.com"]

[Event "Titled Tuesday Blitz May 24 Late 2022"]
[White "Zhigalko, Sergei"]
[Black "Dubov, Daniil"]
[WhiteFideId "13502956"]
[BlackFideId "24126055"]
[WhiteElo "2662"]
[BlackElo "2791"]
[Result "0-1"]
[Round "09"]
[TimeControl "180+1"]
[Date "2022.05.24"]
[WhiteClock "0:00:03"]
[BlackClock "0:00:40"]

1. e4 e5 2. Nf3 Nc6 3. Bc4 Nf6 4. d3 Be7 5. O-O d6 6. c3 O-O 7. Nbd2 h6 8. Re1 Re8 9. Nf1 Bf8 10. Ng3 Na5 11. Bb5 Bd7 12. Bxd7 Qxd7 13. d4 Nc6 14. h3 g6 15. Qd3 Bg7 16. Be3 Rad8 17. Rad1 b6 18. a3 a5 19. Qc2 Qc8 20. Qa4 Qd7 21. Qc2 Qc8 22. Qa4 Qb7 23. d5 Ne7 24. b4 Ra8 25. Qc2 b5 26. c4 axb4 27. axb4 bxc4 28. Qxc4 Ra4 29. Rb1 Rc8 30. Qb3 Qb5 31. Nd2 Rb8 32. Rec1 c6 33. dxc6 Nxc6 0-1


[Site "https://www.chess.com"]

[Event "Titled Tuesday Blitz May 24 Late 2022"]
[White "Zhurbinsky, David"]
[Black "Jia, Haoxiang"]
[WhiteFideId "2072904"]
[BlackFideId "8602999"]
[WhiteElo "2567"]
[BlackElo "2638"]
[Result "1-0"]
[Round "09"]
[TimeControl "180+1"]
[Date "2022.05.24"]
[WhiteClock "0:00:58"]
[BlackClock "0:01:51"]

1. e4 c5 2. Nf3 d6 3. d4 cxd4 4. Nxd4 Nf6 5. f3 e5 6. Nb3 Be6 7. c4 a5 8. Be3 a4 9. Nc1 Be7 10. a3 O-O 11. Nc3 Qa5 12. Be2 Nbd7 13. O-O Rfc8 14. Nb5 Bxc4 15. Bxc4 Rxc4 16. Nxd6 Rc6 17. Nf5 Bc5 18. Bxc5 Qxc5+ 19. Kh1 g6 20. Nd3 Qf8 21. Ne3 Kg7 22. Nb4 Rd6 23. Qc2 Nb6 24. Rac1 Rc8 25. Qf2 Rxc1 26. Rxc1 Qd8 27. Qg3 Qe7 28. Nf5+ 1-0


[Site "https://www.chess.com"]

[Event "Titled Tuesday Blitz May 24 Late 2022"]
[White "Adewumi, Tanitoluwa"]
[Black "Hasangatin, Ramil"]
[WhiteFideId "30966396"]
[BlackFideId "4122160"]
[WhiteElo "2516"]
[BlackElo "2399"]
[Result "1-0"]
[Round "10"]
[TimeControl "180+1"]
[Date "2022.05.24"]
[WhiteClock "0:00:02"]
[BlackClock "0:00:01"]

1. e4 c5 2. Nf3 Nc6 3. Bb5 Na5 4. O-O a6 5. Be2 e6 6. c3 Nf6 7. e5 Nd5 8. d4 cxd4 9. cxd4 b5 10. Bd2 Bb7 11. Nc3 Nxc3 12. Bxc3 Rc8 13. Rc1 Be7 14. b3 O-O 15. Qe1 b4 16. Bd2 Rxc1 17. Qxc1 Qb6 18. Qb2 Bd5 19. Rc1 Nc6 20. Be3 a5 21. Nd2 Qb7 22. Bf3 Bxf3 23. Nxf3 Bd8 24. d5 Ne7 25. dxe6 dxe6 26. Qc2 Nd5 27. Bd4 h6 28. Qc6 Qxc6 29. Rxc6 Bc7 30. Nd2 Rd8 31. Kf1 Bb8 32. g3 Nc3 33. Bxc3 bxc3 34. Nf3 Ba7 35. Ke2 Rd5 36. Rxc3 Bc5 37. Rc4 Bb4 38. Rd4 Rc5 39. Rc4 Rd5 40. h4 g5 41. hxg5 hxg5 42. Rd4 Rc5 43. Rc4 Rd5 44. Rg4 Rc5 45. Kd1 Kf8 46. Rxg5 Rd5+ 47. Ke2 Rc5 48. Kd1 Rc3 49. Ne1 a4 50. Rg4 Bc5 51. Kd2 Bxf2 52. Kxc3 Bxe1+ 53. Kc2 axb3+ 54. axb3 Ke7 55. b4 Kd7 56. Kd3 Kc6 57. Kc4 Bf2 58. b5+ Kb6 59. Rf4 Bxg3 60. Rxf7 Bxe5 61. Re7 Bh2 62. Rxe6+ Kb7 63. b6 Ka6 64. Kc5 Bg1+ 65. Kc6 Bxb6 66. Re4 Ka5 67. Re5+ Ka6 68. Re1 1-0


[Site "https://www.chess.com"]

[Event "Titled Tuesday Blitz May 24 Late 2022"]
[White "Andreikin, Dmitry"]
[Black "Romanchuk, Viktor"]
[WhiteFideId "4158814"]
[BlackFideId "14109271"]
[WhiteElo "2736"]
[BlackElo "2242"]
[Result "1/2-1/2"]
[Round "10"]
[TimeControl "180+1"]
[Date "2022.05.24"]
[WhiteClock "0:02:48"]
[BlackClock "0:01:56"]

1. c4 c6 2. Nc3 d5 3. e3 Nf6 4. Nf3 e6 5. g3 Nbd7 6. b3 Bd6 7. Bg2 Qe7 8. d4 O-O 9. O-O b6 10. Bb2 Bb7 11. Qe2 Rac8 12. e4 dxe4 13. Nxe4 Nxe4 14. Qxe4 Ba3 15. Bxa3 Qxa3 16. Ne5 Nxe5 17. dxe5 Rfd8 18. h4 Ba8 19. Rfd1 c5 20. Qe2 Bxg2 21. Kxg2 Qa6 22. Qf3 Rxd1 23. Rxd1 Qxa2 24. Rd7 Rf8 25. h5 h6 26. g4 a5 27. Qd3 a4 28. Rd8 Rxd8 29. Qxd8+ Kh7 30. Qd3+ Kg8 31. Qd8+ Kh7 32. Qd3+ Kg8 33. Qd8+ 1/2-1/2


[Site "https://www.chess.com"]

[Event "Titled Tuesday Blitz May 24 Late 2022"]
[White "Bernal Moro, Luis Javier"]
[Black "Shapiro, Daniel"]
[WhiteFideId "2200236"]
[BlackFideId "2001780"]
[WhiteElo "2373"]
[BlackElo "2285"]
[Result "1-0"]
[Round "10"]
[TimeControl "180+1"]
[Date "2022.05.25"]
[WhiteClock "0:00:27"]
[BlackClock "0:00:01"]

1. c4 e5 2. Nc3 Nf6 3. Nf3 Nc6 4. e3 g6 5. d4 exd4 6. exd4 d5 7. Bg5 dxc4 8. d5 Nb4 9. Bxc4 Qe7+ 10. Kf1 Bg7 11. Qb3 O-O 12. Re1 Qc5 13. Bxf6 Bxf6 14. Ne4 Qe7 15. Nxf6+ Qxf6 16. Qxb4 a5 17. Qc3 Qd6 18. h4 Bd7 19. h5 b5 20. Bb3 b4 21. Qe5 Bb5+ 22. Kg1 Qc5 23. Qd4 Qxd4 24. Nxd4 Bd7 25. hxg6 hxg6 26. Bc4 Rfd8 27. Rh4 Kg7 28. Rhe4 a4 29. Nc6 Rh8 30. Nxb4 Rh5 31. Be2 Rg5 32. Bf3 Rh8 33. g3 Bf5 34. R4e3 Bd7 35. a3 Bb5 36. Bg2 1-0


[Site "https://www.chess.com"]

[Event "Titled Tuesday Blitz May 24 Late 2022"]
[White "Bibasa, Bob"]
[Black "O`Gorman, Tom"]
[WhiteFideId "10000240"]
[BlackFideId "2508249"]
[WhiteElo "2032"]
[BlackElo "2247"]
[Result "0-1"]
[Round "10"]
[TimeControl "180+1"]
[Date "2022.05.24"]
[WhiteClock "0:00:09"]
[BlackClock "0:00:14"]

1. e4 c5 2. Nf3 d6 3. d4 cxd4 4. Nxd4 Nf6 5. f3 e5 6. Nb3 Be7 7. c4 O-O 8. Be3 Nh5 9. Nc3 Nc6 10. Qd2 g6 11. Nd5 f5 12. Bh6 Rf7 13. Nxe7+ Qxe7 14. O-O-O fxe4 15. fxe4 Bg4 16. Be2 Rf2 17. Rhe1 Rxg2 18. Qd5+ Be6 19. Qxd6 Nf6 20. Nc5 Re8 21. h4 Nd4 22. Qxe7 Rxe7 23. Bg5 Nxe2+ 24. Rxe2 Rxe2 25. Bxf6 Re8 26. Bxe5 Bxc4 27. Bc3 b6 28. Nd7 R2xe4 29. Nf6+ Kf7 30. Nxe8 Rxe8 31. Rd7+ Re7 32. Rxe7+ Kxe7 33. a3 Ke6 34. Kd2 Kf5 35. Ke3 Kg4 36. Bf6 h6 37. Kd4 Be2 38. b4 g5 39. hxg5 hxg5 40. a4 Kf4 41. a5 g4 42. Be5+ Kf3 43. Kd5 Bb5 44. Kd6 g3 45. axb6 axb6 46. Kc7 g2 47. Bd4 Ke4 48. Bg1 Bd3 49. Kxb6 Kd5 50. Ka5 Kc6 51. Bf2 Bb5 52. Bg1 Bc4 53. Bf2 Kd5 54. Bg1 Ke4 55. Bf2 Kf3 56. Bg1 Ke2 57. Bd4 Kd3 58. b5 Kxd4 59. b6 Bd5 60. b7 Bxb7 61. Kb6 Be4 62. Kc7 g1=Q 63. Kd6 Qg6+ 64. Ke7 Ke5 0-1


[Site "https://www.chess.com"]

[Event "Titled Tuesday Blitz May 24 Late 2022"]
[White "Boder, Jan"]
[Black "Vega Gutierrez, Sabrina"]
[WhiteFideId "16243226"]
[BlackFideId "2219026"]
[WhiteElo "2064"]
[BlackElo "2286"]
[Result "1-0"]
[Round "10"]
[TimeControl "180+1"]
[Date "2022.05.25"]
[WhiteClock "0:00:15"]
[BlackClock "0:00:01"]

1. e4 c5 2. Nf3 e6 3. d4 cxd4 4. Nxd4 Nf6 5. Nc3 d6 6. Bg5 Be7 7. Qd2 h6 8. Bh4 Nc6 9. O-O-O a6 10. Nxc6 bxc6 11. e5 dxe5 12. Qxd8+ Bxd8 13. Ne4 O-O 14. Nd6 Nd5 15. Bg3 Bg5+ 16. Kb1 Rd8 17. Ne4 Nf4 18. Bc4 Bb7 19. Nc5 Rab8 20. Nd7 Ra8 21. Nxe5 Nd5 22. h4 Bf6 23. Nd3 c5 24. Nxc5 Bc6 25. Ne4 Be7 26. f3 Ra7 27. Bxd5 Bxd5 28. Nc3 Rad7 29. Rd3 Bc4 30. Rxd7 Rxd7 31. Rd1 Rxd1+ 32. Nxd1 h5 33. Bf2 1-0


[Site "https://www.chess.com"]

[Event "Titled Tuesday Blitz May 24 Late 2022"]
[White "Bryakin, Mikhail"]
[Black "Domingo Nunez, Ruben"]
[WhiteFideId "4165314"]
[BlackFideId "22245570"]
[WhiteElo "2417"]
[BlackElo "2376"]
[Result "0-1"]
[Round "10"]
[TimeControl "180+1"]
[Date "2022.05.24"]
[WhiteClock "0:01:02"]
[BlackClock "0:00:20"]

1. e4 c6 2. d4 d5 3. e5 Bf5 4. h4 h5 5. Bg5 Qb6 6. Bd3 Qxd4 7. Bxf5 Qxe5+ 8. Ne2 Qxf5 9. O-O f6 10. Ng3 Qg4 11. Bd2 Qxd1 12. Rxd1 e5 13. c4 d4 14. f4 Nd7 15. fxe5 Nxe5 16. b3 O-O-O 17. Bf4 Ng6 18. Bc1 Nxh4 19. Nd2 Nh6 20. Nde4 N4f5 21. Nf1 Ng4 22. Bb2 Re8 23. Neg3 Nxg3 24. Nxg3 Bc5 25. Bxd4 Re1+ 26. Rxe1 Bxd4+ 27. Kf1 Bxa1 28. Rxa1 g6 29. Re1 Kd7 30. Ne4 b6 31. c5 Re8 32. Rd1+ Kc7 33. Rd4 Ne3+ 34. Kf2 Nd5 35. b4 Re5 36. a4 Rf5+ 37. Kg3 Rf4 38. b5 f5 39. Rxd5 cxd5 40. Kxf4 dxe4 41. c6 g5+ 42. Ke3 h4 43. Kd4 g4 44. Ke3 h3 45. Kf2 h2 46. Kg3 h1=Q 47. Kf4 Qa1 0-1


[Site "https://www.chess.com"]

[Event "Titled Tuesday Blitz May 24 Late 2022"]
[White "Burke, Paul"]
[Black "Haas, Michael"]
[WhiteFideId "2605767"]
[BlackFideId "1629514"]
[WhiteElo "1872"]
[BlackElo "1982"]
[Result "1-0"]
[Round "10"]
[TimeControl "180+1"]
[Date "2022.05.25"]
[WhiteClock "0:00:06"]
[BlackClock "0:00:03"]

1. e4 e6 2. d4 d5 3. e5 c5 4. Qg4 cxd4 5. Nf3 Nc6 6. Bd3 Nge7 7. O-O Ng6 8. Qg3 Qc7 9. Re1 Be7 10. h4 Rg8 11. h5 Nf8 12. c3 dxc3 13. Nxc3 a6 14. Bf4 Bd7 15. Rac1 Qa5 16. a3 Qb6 17. b4 Nd4 18. Nxd4 Qxd4 19. Ne2 Qb6 20. Be3 Qd8 21. Bc5 Bc6 22. Nd4 Rc8 23. Nxc6 Rxc6 24. Bxe7 Rxc1 25. Rxc1 Qxe7 26. Qe3 Qd8 27. Qa7 Nd7 28. Qxb7 Ke7 29. Rc7 f6 30. exf6+ gxf6 31. Bxa6 Rg7 32. Qc6 Kf8 33. Rc8 Ke8 34. Rxd8+ Kxd8 35. Bb5 1-0


[Site "https://www.chess.com"]

[Event "Titled Tuesday Blitz May 24 Late 2022"]
[White "Carrasco Miranda, Andres"]
[Black "Huber, Benedikt"]
[WhiteFideId "3405990"]
[BlackFideId "12923583"]
[WhiteElo "2177"]
[BlackElo "1979"]
[Result "1-0"]
[Round "10"]
[TimeControl "180+1"]
[Date "2022.05.25"]
[WhiteClock "0:01:08"]
[BlackClock "0:01:32"]

1. d4 f5 2. Nf3 Nf6 3. g3 e6 4. Bg2 Be7 5. O-O O-O 6. c4 d6 7. Nc3 Ne4 8. Qc2 Nxc3 9. Qxc3 Bf6 10. b3 Nc6 11. Bb2 e5 12. dxe5 dxe5 13. Rad1 Qe7 14. Qc1 Be6 15. Rfe1 e4 16. Bxf6 Qxf6 17. Ng5 a5 18. Qf4 a4 19. Nxe6 Qxe6 20. Qxc7 Rf7 21. Qd6 Qxd6 22. Rxd6 axb3 23. axb3 Ra2 24. f3 Re7 25. fxe4 fxe4 26. Bh3 Rb2 27. Be6+ Kf8 28. c5 e3 29. Bd5 Ke8 30. Ra1 Re5 31. Bxc6+ bxc6 32. Rxc6 Rxe2 33. Rc7 Kd8 34. Rxg7 Re7 35. Ra8+ Kd7 36. Ra7+ 1-0


[Site "https://www.chess.com"]

[Event "Titled Tuesday Blitz May 24 Late 2022"]
[White "Clawitter, Craig"]
[Black "Melikhov, Evgeny V."]
[WhiteFideId "2023105"]
[BlackFideId "4122046"]
[WhiteElo "2213"]
[BlackElo "1931"]
[Result "1-0"]
[Round "10"]
[TimeControl "180+1"]
[Date "2022.05.25"]
[WhiteClock "0:00:15"]
[BlackClock "0:00:42"]

1. e4 c5 2. Nf3 d6 3. d4 cxd4 4. Nxd4 Nf6 5. Nc3 a6 6. Be3 e5 7. Nb3 Be6 8. f3 Be7 9. Qd2 O-O 10. O-O-O b5 11. g4 Nbd7 12. Rg1 Nb6 13. Na5 Qc7 14. g5 Nh5 15. Nd5 Nxd5 16. exd5 Bf5 17. Nc6 Rfc8 18. Kb1 Bf8 19. Rc1 Bd7 20. c4 Bxc6 21. cxb5 axb5 22. Rxc6 Qb7 23. Bd3 Ra4 24. Rgc1 Rca8 25. a3 b4 26. Rb6 Qxd5 27. Bxh7+ Kxh7 28. Qxd5 bxa3 29. Qxf7 a2+ 30. Ka1 Rh4 31. g6+ Kh8 32. Rbc6 Rxh2 33. Rc8 Rxc8 34. Rxc8 Rh1+ 35. Kxa2 1-0


[Site "https://www.chess.com"]

[Event "Titled Tuesday Blitz May 24 Late 2022"]
[White "Colivet Gamboa, Julio Cesar"]
[Black "Novikova, Galina"]
[WhiteFideId "3949583"]
[BlackFideId "4157095"]
[WhiteElo "1743"]
[BlackElo "1863"]
[Result "1-0"]
[Round "10"]
[TimeControl "180+1"]
[Date "2022.05.25"]
[WhiteClock "0:00:03"]
[BlackClock "0:00:33"]

1. c4 e6 2. Nf3 f5 3. g3 Nf6 4. Bg2 Be7 5. O-O O-O 6. Nc3 d6 7. d3 a5 8. e4 e5 9. h3 Nc6 10. Be3 Qe8 11. Nd5 Kh8 12. Nxc7 Qh5 13. Nxa8 f4 14. g4 Nxg4 15. hxg4 Bxg4 16. Nc7 fxe3 17. fxe3 Rf6 18. Nd5 Rh6 19. Nxe7 Nxe7 20. Qa4 Rf6 21. Nh2 Be2 22. Rxf6 gxf6 23. d4 exd4 24. exd4 Nc6 25. d5 Ne5 26. Qxa5 Qg5 27. Qd8+ Kg7 28. Qe7+ Kh6 29. Qe6 Bxc4 30. Qh3+ Kg7 31. Nf3 Qe3+ 32. Kh1 Ng6 33. Rg1 Bd3 34. Nh4 Qd2 35. Qd7+ Kg8 36. Nf5 Kf8 37. Qd8+ Kf7 38. Qd7+ Kf8 39. Qg7+ Ke8 40. Nxd6+ Kd8 41. Nxb7+ Kc8 42. Nd6+ Kd8 43. Bh3 Bxe4+ 44. Nxe4 Qxd5 45. Qxf6+ Ke8 46. Qf5 Qa8 47. Qf6 Qxe4+ 48. Bg2 Qb4 49. Rf1 Kd7 50. Qf7+ Ne7 51. Rd1+ Kc7 52. Qe6 Qh4+ 53. Kg1 Qb4 54. Rd7+ Kb8 55. Qxe7 Qe1+ 56. Qxe1 Kc8 57. Qe8# 1-0


[Site "https://www.chess.com"]

[Event "Titled Tuesday Blitz May 24 Late 2022"]
[White "D`Arruda, Ricardo D."]
[Black "Karttunen, Mika"]
[WhiteFideId "100692"]
[BlackFideId "502081"]
[WhiteElo "2504"]
[BlackElo "2343"]
[Result "0-1"]
[Round "10"]
[TimeControl "180+1"]
[Date "2022.05.24"]
[WhiteClock "0:00:54"]
[BlackClock "0:00:34"]

1. d4 Nf6 2. Nf3 g6 3. Nc3 Bg7 4. e4 d6 5. Bg5 O-O 6. Qd2 Re8 7. O-O-O c6 8. e5 Nd5 9. exd6 Qxd6 10. Ne4 Qc7 11. Bc4 Be6 12. Rhe1 Nd7 13. Bh6 Bh8 14. Neg5 Bf5 15. h3 N7b6 16. Bb3 a5 17. a3 Bd7 18. Kb1 e6 19. Ne4 Nc8 20. c4 Nf6 21. Nc5 b6 22. Bf4 Qa7 23. Nd3 b5 24. c5 Ne7 25. Be5 Ned5 26. Nf4 a4 27. Ba2 b4 28. Nxd5 exd5 29. Qxb4 Ne4 30. Bxh8 Reb8 31. Qxb8+ Rxb8 32. Be5 Rb7 33. Ka1 Nxf2 34. Rd2 Ne4 35. Bd6 Nxd2 0-1


[Site "https://www.chess.com"]

[Event "Titled Tuesday Blitz May 24 Late 2022"]
[White "Dobre, Claudiu-Cristian"]
[Black "Lopez Idarraga, Daniel Eduardo"]
[WhiteFideId "1211854"]
[BlackFideId "4405501"]
[WhiteElo "2207"]
[BlackElo "2059"]
[Result "0-1"]
[Round "10"]
[TimeControl "180+1"]
[Date "2022.05.25"]
[WhiteClock "0:00:01"]
[BlackClock "0:00:11"]

1. c4 c6 2. Nf3 d5 3. b3 Nf6 4. g3 Bf5 5. Bg2 e6 6. O-O h6 7. Bb2 Be7 8. d3 O-O 9. Nbd2 Bh7 10. Ne5 Nbd7 11. Nxd7 Nxd7 12. e4 dxc4 13. dxc4 Nc5 14. Qe2 Bf6 15. Bxf6 Qxf6 16. Qe3 Qe7 17. Rfd1 Rfd8 18. Nf1 e5 19. Rxd8+ Rxd8 20. b4 Ne6 21. c5 Rd4 22. Rb1 Qd7 23. Bh3 Bg6 24. Bf5 Bxf5 25. exf5 Nc7 26. Qxe5 Rd5 27. Qe4 Rxf5 28. Ne3 Rf6 29. Rd1 Qc8 30. Qe7 Ne6 31. Rd7 b6 32. cxb6 axb6 33. Nc4 Qa6 34. Ne3 Qe2 35. Nd1 h5 36. h4 Qxa2 37. Qd6 c5 38. Qxb6 cxb4 39. Qxb4 Qe2 40. Qd2 Qxd2 0-1


[Site "https://www.chess.com"]

[Event "Titled Tuesday Blitz May 24 Late 2022"]
[White "Drygalov, Andrey"]
[Black "Nakamura, Hikaru"]
[WhiteFideId "24171735"]
[BlackFideId "2016192"]
[WhiteElo "2540"]
[BlackElo "2850"]
[Result "0-1"]
[Round "10"]
[TimeControl "180+1"]
[Date "2022.05.24"]
[WhiteClock "0:00:06"]
[BlackClock "0:00:47"]

1. e4 e5 2. Nf3 Nc6 3. Bb5 Nf6 4. O-O Nxe4 5. d4 Nd6 6. dxe5 Nxb5 7. a4 Nbd4 8. Nxd4 d5 9. Nxc6 bxc6 10. Be3 c5 11. c3 Be7 12. Nd2 d4 13. Bf4 Bb7 14. Qg4 Qd7 15. Qxd7+ Kxd7 16. Nb3 Bd5 17. Na5 Rab8 18. Rfd1 Rxb2 19. cxd4 c4 20. Rdc1 c3 21. Rxc3 Bb4 22. Rcc1 Bxa5 23. Rc5 Bb6 24. Rxd5+ Ke6 25. Rb5 Rxb5 26. axb5 Bxd4 27. Ra4 Bb6 28. Be3 Rd8 29. Kf1 Rd5 30. Bxb6 axb6 31. Rc4 Rc5 32. Rxc5 bxc5 33. f4 g5 34. g3 gxf4 35. gxf4 Kf5 36. Ke2 Kxf4 37. Kd3 Kxe5 38. Kc4 Kd6 39. h4 h5 40. Kd3 Kd5 0-1


[Site "https://www.chess.com"]

[Event "Titled Tuesday Blitz May 24 Late 2022"]
[White "Dubov, Daniil"]
[Black "Martinez Alcantara, Jose Eduardo"]
[WhiteFideId "24126055"]
[BlackFideId "3805662"]
[WhiteElo "2791"]
[BlackElo "2690"]
[Result "1/2-1/2"]
[Round "10"]
[TimeControl "180+1"]
[Date "2022.05.24"]
[WhiteClock "0:00:07"]
[BlackClock "0:00:37"]

1. e4 c5 2. Nc3 Nc6 3. Nge2 Nf6 4. g3 g6 5. Bg2 Bg7 6. O-O O-O 7. Nd5 e6 8. Nxf6+ Bxf6 9. d3 d6 10. c3 Rb8 11. Bh6 Bg7 12. Qd2 e5 13. Bxg7 Kxg7 14. f4 f6 15. Rf2 Qe7 16. Raf1 Be6 17. f5 Bg8 18. h4 Rbd8 19. g4 gxf5 20. Ng3 Kh8 21. exf5 d5 22. g5 e4 23. dxe4 dxe4 24. Qf4 Ne5 25. gxf6 Rxf6 26. Nxe4 Nd3 27. Qg5 Nxf2 28. Nxf6 Nd3 29. Nxh7 Qxg5 30. Nxg5 Bxa2 31. f6 Ne5 32. Re1 Ng4 33. f7 Kg7 34. Re8 Rd1+ 35. Bf1 Bxf7 36. Re7 Nh6 37. Rxb7 Kf6 38. Rxa7 Bc4 39. Ne4+ Ke5 40. Nd2 Rxd2 41. Bxc4 Rxb2 42. Rd7 Kf4 43. Rd5 Ng4 44. Bf1 Rb1 45. Rd8 Rc1 46. h5 Kg3 47. Rf8 Rxc3 48. Rg8 Kf4 49. Rf8+ Kg5 50. Rg8+ Kh4 51. Rf8 Re3 52. Kh1 Kxh5 53. Kg1 Kh4 54. Rf5 Rc3 55. Rf4 Kg3 56. Rc4 Rxc4 57. Bxc4 Ne3 58. Be2 Nd5 59. Kf1 Nf4 60. Ke1 Nd5 61. Kd2 Kf4 62. Bc4 Nb6 63. Bg8 Ke5 64. Kd3 Nc8 65. Kc3 Ne7 66. Bf7 Kd6 67. Bb3 Nc6 68. Ba2 Ne5 69. Bc4 Kc6 70. Bb3 Kb5 71. Bd5 Nd7 72. Bc4+ Ka5 73. Be6 Nb6 74. Bf7 Kb5 75. Be8+ Ka5 76. Bc6 Nc8 77. Kc4 Kb6 78. Bg2 Nd6+ 79. Kc3 Nf5 80. Bf1 Ne3 81. Bc4 Kc6 82. Kd3 Ng4 83. Be6 Nf6 84. Kc3 Ne4+ 85. Kc2 Ng5 86. Bg8 Nf3 87. Ba2 Kb5 88. Bg8 Ne5 89. Be6 Kb4 90. Bg8 Nc6 91. Bf7 Nd4+ 92. Kb2 Nc6 93. Bg8 Ne5 94. Be6 Nc4+ 95. Bxc4 Kxc4 96. Kc2 Kd4 97. Kd2 Kc4 98. Kc2 Kb4 99. Kb2 c4 100. Kc2 c3 101. Kc1 Kc4 102. Kc2 Kb4 103. Kc1 Kb3 104. Kb1 c2+ 105. Kc1 Kc3 1/2-1/2


[Site "https://www.chess.com"]